Match 45951129
Unlisted

Match 45951129
End
Vickers Machine Gun Team
Construct Section Command Post
Selects Air and Sea Battlegroup
Dingo Light Scout Car
Infantry Section
Infantry Section
Construct Platoon Command Post
Unlock M3 Stuart Light Tanks
M3 Stuart Light Tank
Selects Commando Section Paradrop
M3 Stuart Light Tank
Commando Section Paradrop
Construct Company Command Post
Foot Guards Section
Selects M1 Pack Howitzer Paradrop
Foot Guards Section
M1 Pack Howitzer Paradrop
Selects Supply Surplus
Unlock M3 Grant Medium Tanks
Selects UNKNOWN (223837)
M3 Grant Medium Tank
M3 Grant Medium Tank
Selects Incendiary Bombing Run
M3 Grant Medium Tank
Armored Vehicle Training
Infantry Training
Royal Engineer Section
yapster
HIMYNAMEISHO
Ermac
Tanzdiktator
0
0

Comments sign in to comment!

No comments posted yet!